 Dungeon Sprint DCSS version 0.19-a0-1834-g6b7851e (webtiles) character file.

441 poirepourri the Prestidigitator (level 6, -17/30 HPs)
             Began as a Spriggan Artificer on Oct 8, 2016.
             Was an Initiate of Nemelex Xobeh.
             Demolished by Sonja
             ... wielding a +0 dagger of distortion
              (21 damage)
             ... in the Dungeon (Sprint I: "Red Sonja").
             The game lasted 00:01:24 (336 turns).

poirepourri the Prestidigitator (Spriggan Artificer) Turns: 336, Time: 00:01:26

Health: -17/30     AC:  3    Str:  8    XL:     6   Next: 70%
Magic:  17/17      EV: 24    Int: 13    God:    Nemelex Xobeh [......]
Gold:   255        SH:  0    Dex: 18    Spells: 0 memorised, 5 levels left

rFire  . . .     SeeInvis +     a - +0 short sword
rCold  . . .     Gourm    .     b - +1 robe
rNeg   . . .     Faith    .     (shield restricted)
rPois  .         Spirit   .     (helmet restricted)
rElec  .         Dismiss  .     (no cloak)
rCorr  .         Reflect  .     (gloves unavailable)
MR     +....     Harm     .     (boots unavailable)
Stlth  ++++...... NoTele   +    (no amulet)
                                (no ring)
                                (no ring)

@: very quick
A: unfitting armour, see invisible, herbivore 3, speed 3, slow metabolism 2
a: Renounce Religion


You were in the Dungeon.
You worshipped Nemelex Xobeh.
Nemelex Xobeh was noncommittal.
You were not hungry.

You visited 1 branch You collected 405 gold pieces.
You spent 150 gold pieces at shops.

Inventory:

Hand Weapons
 a - a +0 short sword (weapon)
Armour
 b - a +1 robe (worn)
Wands
 c - a wand of flame (2/48)
 d - a wand of enslavement (15/24)
 e - a wand of random effects (8/48)
Scrolls
 l - a scroll of blinking
 m - 2 scrolls of fog
Potions
 g - 2 potions of curing
 h - a potion of heal wounds
 i - a potion of haste
 j - 2 potions of magic
 k - a potion of berserk rage
 n - a potion of degeneration {unknown}
 p - a potion of resistance
Comestibles
 f - a bread ration


   Skills:
 + Level 1.3 Fighting
 + Level 3.4 Short Blades
 + Level 7.9 Dodging
 + Level 9.5 Stealth
 + Level 14.7 Evocations


You had 5 spell levels left.
You didn't know any spells.

Dungeon Overview and Level Annotations

Branches:
Dungeon (1/1)

Altars:
Cheibriados
Dithmenos
Elyvilon
Fedhas
Gozag
Hepliaklqana
Kikubaaqudgha
Makhleb
Nemelex Xobeh
Okawaru
Qazlal
Ru
Sif Muna
Trog
Uskayaw
Vehumet
Xom
Yredelemnul
Zin
The Shining One
Jiyva
Lugonu

Shops:
D *

Annotations:
D Sonja


Innate Abilities, Weirdness & Mutations

You are very small and have problems with some larger weapons.
You are too small for most types of armour.
You have supernaturally acute eyesight. (SInv)
You are a herbivore.
You cover ground extremely quickly.
You need consume almost no food.


Message History

Sonja closely misses you.
Found 108 gold pieces.
You see here a plain deck of summoning.
You closely miss Sonja.
Sonja is heavily wounded.
Unknown command.
You catch the helpless Sonja completely off-guard!
You puncture Sonja!
Sonja is almost dead.
Sonja laughs at nothing.
Sonja hits you with an uncursed dagger of distortion.
Space warps horribly around you!
Ouch! That really hurt!
* * * LOW HITPOINT WARNING * * *
Sonja hits you with an uncursed dagger of distortion.
* * * LOW HITPOINT WARNING * * *
Space warps horribly around you!
Ouch! That really hurt!
You die...
Your body disappears without a glow.

#..)..#.)'..#..').'..#
#..#####'#####'#__####
#..####..#...#.####
#..#__####..##.#
#..#_____##'#..+
#⌠⌠#_.∩...'.(._#
####_..__##_.#'#
#_____###'#[# #######
#@### +K.T'$$.$$
#$.$###### ##.## #+#


You could see a deep troll and Sonja (confused).

Vanquished Creatures
  A slime creature (D)
  A yak (D)
  An ogre (D)
  A jelly (D)
  Ijyb (D)
5 creatures vanquished.

Vanquished Creatures (others)
  Sigmund (D)
1 creature vanquished.

Grand Total: 6 creatures vanquished

Notes
Turn   | Place    | Note
-------+----------+-------------------------------------------
     0 | D        | poirepourri the Spriggan Artificer began the quest for the Orb.
     0 | D        | Reached XP level 1. HP: 9/9 MP: 4/4
     2 | D        | Noticed Ijyb
    15 | D        | Killed Ijyb
    15 | D        | Reached skill level 8 in Evocations
    15 | D        | Reached XP level 2. HP: 9/14 MP: 5/8
   121 | D        | Noticed an ogre
   128 | D        | Killed an ogre
   128 | D        | Reached skill level 1 in Fighting
   128 | D        | Reached skill level 10 in Evocations
   128 | D        | Reached XP level 3. HP: 18/18 MP: 8/10
   128 | D        | Reached XP level 4. HP: 22/22 MP: 9/12
   156 | D        | Noticed Sigmund
   170 | D        | Found a burning altar of Makhleb.
   170 | D        | Found a viscous altar of Jiyva.
   170 | D        | Found a shimmering altar of Xom.
   170 | D        | Found a corrupted altar of Lugonu.
   170 | D        | Noticed a slime creature
   184 | D        | Your ally died
   197 | D        | Killed a slime creature
   197 | D        | Reached skill level 13 in Evocations
   197 | D        | Reached XP level 5. HP: 25/25 MP: 13/15
   197 | D        | Reached XP level 6. HP: 30/30 MP: 13/16
   221 | D        | Found a deep blue altar of Sif Muna.
   223 | D        | Found a radiant altar of Vehumet.
   265 | D        | Found Vifer's Assorted Antiques.
   265 | D        | Found an ancient bone altar of Kikubaaqudgha.
   265 | D        | Found a hazy altar of Hepliaklqana.
   265 | D        | Found a stormy altar of Qazlal.
   265 | D        | Found a hide-covered altar of Uskayaw.
   265 | D        | Found a blossoming altar of Fedhas.
   265 | D        | Found a bloodstained altar of Trog.
   265 | D        | Found an iron altar of Okawaru.
   265 | D        | Found a basalt altar of Yredelemnul.
   265 | D        | Found a glowing golden altar of the Shining One.
   265 | D        | Found a snail-covered altar of Cheibriados.
   265 | D        | Found a sacrificial altar of Ru.
   265 | D        | Found a glowing silver altar of Zin.
   265 | D        | Found a shadowy altar of Dithmenos.
   265 | D        | Found a white marble altar of Elyvilon.
   265 | D        | Noticed a yak
   266 | D        | Found an opulent altar of Gozag.
   271 | D        | Killed a yak
   271 | D        | Reached skill level 14 in Evocations
   274 | D        | Found a sparkling altar of Nemelex Xobeh.
   280 | D        | Became a worshipper of Nemelex Xobeh the Trickster
   285 | D        | Bought a scroll labeled CEHEGI PEELAXT for 26 gold pieces
   285 | D        | Bought a scroll labeled UMAESHR XUQIDD for 26 gold pieces
   285 | D        | Bought a scroll labeled UMAESHR XUQIDD for 26 gold pieces
   285 | D        | Bought a scroll labeled YNAUVOR KIMARHO for 26 gold pieces
   288 | D        | Bought a green potion for 23 gold pieces
   288 | D        | Bought a brown potion for 23 gold pieces
   330 | D        | Noticed Sonja
   334 | D        | Received a gift from Nemelex Xobeh
   334 | D        | Noticed a deep troll
   336 | D        | Demolished by Sonja

Vault maps used:
D:        dungeon_sprint_1

Skill      XL: |  1  2  3  4  5  6 |
---------------+-------------------+-----
Dodging        | 4 6 7 |  7.9
Evocations     | 8 10 13 14 | 14.7
Fighting       | 1 |  1.3
Short Blades   | 2 3 |  3.4
Stealth        | 4 7 9 |  9.5

Action                   |  1- 3 |  4- 6 || total
-------------------------+-------+-------++-------
Melee: Short sword       |     5 |     5 ||    10
Evoke: Wand              |     9 |    11 ||    20
  Use: Scroll            |       |     5 ||     5
 Stab: Paralysed         |     4 |       ||     4
       Sleeping          |       |     3 ||     3
       Confused          |       |     1 ||     1
Armor: Robe              |     1 |       ||     1
Dodge: Dodged            |     4 |     9 ||    13
